 Dungeon Crawl Stone Soup version 0.29.1-4-g47bece8355 (webtiles) character file.

Game seed: 11765433967855302772

165 GigaChad the Shield-Bearer (level 5, -5/47 HPs)
             Began as a Minotaur Fighter on Dec 5, 2022.
             Was an Initiate of Hepliaklqana.
             Slain by a gnoll
             ... wielding a +0 flail
              (7 damage)
             ... while paralysed by Grinder
             ... on level 4 of the Dungeon.
             The game lasted 00:03:08 (3248 turns).

GigaChad the Shield-Bearer (Minotaur Fighter)       Turns: 3248, Time: 00:03:09

Health: -5/47      AC:  7    Str: 22    XL:     5   Next: 21%
Magic:  4/4        EV:  2    Int:  5    God:    Hepliaklqana [......]
Gold:   167        SH:  0    Dex: 10    Spells: 4/4 levels left

rFire   . . .      SeeInvis .   a - +0 war axe
rCold   . . .      Faith    .   c - +0 buckler
rNeg    . . .      Spirit   .   b - +0 scale mail
rPois   .          Reflect  .   (helmet restricted)
rElec   .          Harm     .   (no cloak)
rCorr   .          Rampage  .   (no gloves)
Will    .....                   (no boots)
Stlth   ..........              (no amulet)
HPRegen 0.15/turn               (no ring)
MPRegen 0.09/turn               (no ring)

@: paralysed
A: horns 2, retaliatory headbutt
a: Renounce Religion


You were on level 4 of the Dungeon.
You worshipped Hepliaklqana.
Hepliaklqana was noncommittal.
You visited 1 branch of the dungeon, and saw 4 of its levels.

You collected 167 gold pieces.

Inventory:

Hand Weapons
 a - a +0 war axe (weapon)
Missiles
 l - 2 throwing nets (quivered)
Armour
 b - a +0 scale mail (worn)
 c - a +0 buckler (worn)
 h - the +1 helmet of Dyspraxia {Str+3 Int+4}
   (You found it on level 2 of the Dungeon)

   Str:       It affects your strength (+3).
   Int:       It affects your intelligence (+4).
Jewellery
 o - a ring of fire
Wands
 n - a wand of charming (7)
Scrolls
 g - 2 scrolls of identify {unknown}
 k - a scroll of brand weapon {unknown}
 m - a scroll of poison {unknown}
 q - 2 scrolls of teleportation {unknown}
 r - a scroll of acquirement {unknown}
 s - a scroll of torment {unknown}
 t - a scroll of enchant armour {unknown}
Potions
 d - 3 potions of might
 e - 2 potions of lignification {unknown}
 f - 3 potions of curing {unknown}
 i - a potion of brilliance {unknown}
 j - 3 potions of haste {unknown}
 p - a potion of degeneration {unknown}


   Skills:
 + Level 4.4 Fighting
 + Level 3.9 Axes
 + Level 4.5 Armour
 + Level 0.9 Dodging
 + Level 5.0 Shields


You had 4 spell levels left.
You didn't know any spells.
Your spell library contained the following spells:

 Spells                   Type           Power      Damage    Failure   Level
 Confusing Touch          Hex            0%         N/A       99%         3
 Dazzling Flash           Conj/Hex       0%         N/A       99%         3
 Portal Projectile        Hex/Tloc       0%         N/A       99%         3
 Tukima's Dance           Hex            0%         N/A       99%         3
 Petrify                  Tmut/Erth      0%         N/A       100%        4
 Blade Hands              Tmut           0%         N/A       100%        5
 Metabolic Englaciation   Hex/Ice        0%         N/A       100%        5
 Statue Form              Tmut/Erth      0%         N/A       100%        6


Dungeon Overview and Level Annotations

Branches:
Dungeon (4/15)
 Temple: D:4-7

Altars:
Hepliaklqana
Sif Muna
Vehumet
Xom

Annotations:
D:4 Grinder


Innate Abilities, Weirdness & Mutations

You have a pair of horns on your head.
You reflexively headbutt those who attack you in melee.


Message History

A gnoll comes into view. It is wielding a +0 flail.
Grinder gestures at you.
You suddenly lose the ability to move!
The orc barely misses you. x2
The orc hits you with a +0 hand axe. The orc hits you but does no damage.
The orc hits you with a +0 club. The orc hits you with a +0 hand axe.
You can move again.
The orc attacks as you move away! The orc closely misses you.
The orc hits you with a +0 club. Grinder gestures at you.
You shrug off the repeated paralysis!
The orc throws a boomerang.
The boomerang hits you.
A gnoll comes into view. It is wielding a +0 club.
Grinder hits you.
You writhe in agony.
Grinder hits you.
You writhe in agony.
You hit Grinder but do no damage. You hit the orc but do no damage.
You closely miss the orc. The orc barely misses you. You furiously retaliate!
You headbutt the orc. The orc hits you with a +0 hand axe.
Grinder closely misses you.
You slash Grinder! Your headbutt misses Grinder.
Grinder is moderately wounded.
You hit the orc. x2
You kill the orc!
You slash the gnoll! Grinder gestures at you.
You suddenly lose the ability to move!
The orc hits you with a +0 hand axe. The gnoll completely misses you.
Grinder hits you.
* * * LOW HITPOINT WARNING * * *
You writhe in agony.
* * * LOW HITPOINT WARNING * * *
The orc hits you but does no damage. The gnoll hits you with a +0 club.
* * * LOW HITPOINT WARNING * * *
A gnoll comes into view. It is wielding a +0 flail.
The gnoll hits you with a +0 club.
* * * LOW HITPOINT WARNING * * *
Grinder hits you but does no damage. The gnoll hits you with a +0 flail!
You die...

#.####.<###.#
#..†........#######.
######..###.........
#..# #.######## #..#
#.# ##..# #.#
....###.########.###
.##........ogo)....#
.
#####.###@5.g......
#.# #g####.#.## #.#
#.# # #.. ...
####..g ..... #....#
#.#.##


You could see Grinder, 4 gnolls and 2 orcs.

Vanquished Creatures
  An iguana (D:3)
  4 gnolls (D:2)
  2 adders (D:3)
  2 worms
  5 dart slugs
  5 orcs
  6 ball pythons
  4 bats
  4 endoplasms
  A giant cockroach (D:2)
  5 goblins
  7 hobgoblins
  4 kobolds
  2 quokkas (D:1)
  5 frilled lizards
  5 rats
62 creatures vanquished.

Notes
Turn   | Place    | Note
-------+----------+-------------------------------------------
     0 | D:1      | GigaChad the Minotaur Fighter began the quest for the Orb.
     0 | D:1      | Reached XP level 1. HP: 19/19 MP: 0/0
    41 | D:1      | Got the Atlas of Curses
   586 | D:1      | Reached XP level 2. HP: 26/27 MP: 1/1
  1173 | D:2      | Reached skill level 4 in Shields
  1241 | D:2      | Identified the +1 helmet of Dyspraxia {Str+3 Int+4}
  1264 | D:2      | Reached XP level 3. HP: 33/33 MP: 2/2
  1272 | D:2      | Found a shimmering altar of Xom.
  1666 | D:2      | Reached XP level 4. HP: 25/40 MP: 3/3
  2257 | D:3      | Found a hazy altar of Hepliaklqana.
  2263 | D:3      | Became a worshipper of Hepliaklqana the Forgotten
  2282 | D:3      | Found a radiant altar of Vehumet.
  2850 | D:3      | Reached skill level 5 in Shields
  2850 | D:3      | Reached XP level 5. HP: 39/47 MP: 4/4
  2942 | D:3      | Found a shimmering blue altar of Sif Muna.
  3232 | D:4      | Noticed Grinder
  3236 | D:4      | Paralysed by Grinder for 5 turns
  3245 | D:4      | Paralysed by Grinder for 5 turns
  3247 | D:4      | HP: 2/47 [gnoll/+0 club (3)]
  3248 | D:4      | Slain by a gnoll

Illustrated notes

Levels and vault maps discovered:
D:1:      ebering_trefoil_twist, layout_basic
D:2:      minmay_wonky_spiral, layout_basic, basic_altar
D:3:      layout_loops_corners, led_sif_pool,
          mainiacjoe_overflow_six_doors_small, vehumet_crystals
D:4:      layout_loops_ring, cheibriados_altar_1, uniq_robin, uniq_grinder

Skill      XL: |  1  2  3  4 |
---------------+-------------+-----
Fighting       | 4 |  4.4
Armour         | 4 |  4.5
Shields        | 4 5 |  5.0
Axes           | 3 |  3.9
Dodging        | |  0.9

Action                   |  1- 3 |  4- 6 || total
-------------------------+-------+-------++-------
Melee: War axe           |    70 |    60 ||   130
       Headbutt          |    11 |     5 ||    16
Armor: Scale mail        |    43 |    32 ||    75
Dodge: Dodged            |    45 |    34 ||    79
Block: Buckler           |    22 |    14 ||    36
